 Dungeon Crawl Stone Soup version 0.31.0-12-g77e489cdc1 (webtiles) character file.

Game seed: 8707401693934355181

203 spaghetti the Trooper (level 5, -3/51 HPs)
             Began as a Naga Berserker on Mar 7, 2024.
             Was a Believer of Trog.
             Slain by a water moccasin (6 damage)
             ... on level 4 of the Dungeon.
             The game lasted 00:02:55 (3036 turns).

spaghetti the Trooper (Naga Berserker)              Turns: 3036, Time: 00:02:56

Health: -3/51      AC:  4    Str: 21    XL:     5   Next: 81%
Magic:  5/5        EV:  9    Int:  8    God:    Trog [**....]
Gold:   225        SH:  0    Dex: 10    Spells: 4/4 levels left

rFire   . . .        a - +0 spear
rCold   + . .        (no shield)
rNeg    . . .        b - +0 animal skin
rPois   +            f - +0 helmet
rElec   .            (no cloak)
rCorr   .            (no gloves)
SInv    +            (no barding)
Will    .....        g - amulet of faith
Stlth   +            i - ring of protection from cold
HPRegen 0.28/turn    (no ring)
MPRegen 0.09/turn

%: faith
@: lethally poisoned (-3 -> -4), on berserk cooldown, slowed, very slow
A: AC +1, large, see invisible, deformed body, poison resistance, slowness 2,
spit poison 1, naga tail 1
a: Spit Poison, Renounce Religion, Berserk, Trog's Hand


You were on level 4 of the Dungeon.
You worshipped Trog.
Trog was pleased with you.
You visited 1 branch of the dungeon, and saw 4 of its levels.

You collected 225 gold pieces.

Inventory:

Hand Weapons
 a - a +0 spear (weapon)
 e - a +1 dagger of venom
Missiles
 n - 3 silver javelins
Armour
 b - a +0 animal skin (worn)
 f - a +0 helmet (worn)
Jewellery
 g - an amulet of faith (around neck)
 i - a ring of protection from cold (left hand)
Scrolls
 c - 3 scrolls of teleportation
 h - a scroll of identify {unknown}
 j - a scroll of vulnerability {unknown}
 l - a scroll of enchant weapon {unknown}
 m - a scroll of torment {unknown}
 o - a scroll of blinking {unknown}
Potions
 d - 2 potions of haste
 k - a potion of ambrosia


   Skills:
 + Level 4.9 Fighting
 - Level 3.0 Polearms
 + Level 3.5 Armour
 - Level 1.5 Dodging


You had 4 spell levels left.
You didn't know any spells.
Your spell library was empty.

Dungeon Overview and Level Annotations

Branches:
Dungeon (4/15)
 Temple: D:4-7

Altars:
Ashenzari
Fedhas
Nemelex Xobeh


Innate Abilities, Weirdness & Mutations

Your serpentine skin is tough. (AC +1)
You have supernaturally acute eyesight. (SInv)
Armour fits poorly on your strangely shaped body.
Your system is resistant to poisons. (rPois)
You cover ground very slowly.
You can spit poison.
You have a snake-like lower body.


Message History

The water moccasin bites you.
You are poisoned.
The water moccasin poisons you! The hobgoblin hits you.
The water moccasin bites you.
* * * LOW HITPOINT WARNING * * *
The hobgoblin closely misses you.
It was a potion of ambrosia.
You are confused.
You feel invigorated.
You feel very sick.
The water moccasin completely misses you.
The hobgoblin hits you but does no damage.
The water moccasin bites you.
* * * LOW HITPOINT WARNING * * *
Unknown command.
Unknown command.
You are too confused!
Unknown command.
Unknown command.
You feel very sick. The hobgoblin closely misses you.
The water moccasin barely misses you. The hobgoblin hits you.
* * * LOW HITPOINT WARNING * * *
The water moccasin bites you!
* * * LOW HITPOINT WARNING * * *
The hobgoblin barely misses you.
Unknown command.
You miss the hobgoblin.
You feel sick.
The water moccasin bites you but does no damage.
The water moccasin bites you.
* * * LOW HITPOINT WARNING * * *
The hobgoblin hits you but does no damage.
Unknown command.
Unknown command.
You feel less invigorated.
You feel less confused.
You feel sick. The hobgoblin hits you.
* * * LOW HITPOINT WARNING * * *
The water moccasin bites you.
You die...

#.......# .......#
#.....# #.....# #.....#
#.....# ##+#.....######
.......gS.....#
.......@......+
..............####+#
...................
..................
..................
..................
.................. #
#####.........#######..
#.........#<.......


You could see a water moccasin and a hobgoblin.

Vanquished Creatures
  A phantom (D:4)
  3 orc wizards (D:3)
  4 orcs (D:3)
  4 ball pythons
  4 endoplasms
  2 giant cockroaches
  A goblin (D:2)
  6 hobgoblins
  7 kobolds
  4 quokkas
  9 bats
  A rat (D:1)
46 creatures vanquished.

Notes
Turn   | Place    | Note
-------+----------+-------------------------------------------
     0 | D:1      | spaghetti the Naga Berserker began the quest for the Orb.
     0 | D:1      | Reached XP level 1. HP: 21/21 MP: 1/1
   157 | D:1      | Reached XP level 2. HP: 28/28 MP: 2/2
  1578 | D:2      | Reached XP level 3. HP: 34/34 MP: 3/3
  2123 | D:3      | Found a faded altar of an unknown god.
  2235 | D:3      | Found a broken altar of Ashenzari.
  2244 | D:3      | Reached ** piety under Trog
  2245 | D:3      | Found a sparkling altar of Nemelex Xobeh.
  2274 | D:3      | Reached skill level 4 in Fighting
  2274 | D:3      | Reached XP level 4. HP: 44/44 MP: 4/4
  2436 | D:3      | Reached XP level 5. HP: 15/51 MP: 5/5
  2834 | D:3      | Found a blossoming altar of Fedhas.
  3007 | D:4      | Noticed a phantom
  3017 | D:4      | Killed a phantom
  3027 | D:4      | Noticed a water moccasin
  3035 | D:4      | HP: 1/51 [water moccasin (5)]
  3036 | D:4      | Slain by a water moccasin

Illustrated notes

Levels and vault maps discovered:
D:1:      evilmike_arrival_rings, layout_loops_corners, minivault_5
D:2:      layout_loops_corners
D:3:      layout_loops_ring, amcnicky_altar_gilded,
          mainiacjoe_overflow_catch_the_wave,
          ebering_ecumenical_altar_sacrificial
D:4:      layout_gridville, portal_sewer_entry_f,
          serial_library_hellmonk_reading_circle, nrook_mini_vaults,
          uniq_sigmund, uniq_natasha, uniq_ijyb, uniq_edmund

Skill      XL: |  1  2  3  4 |
---------------+-------------+-----
Armour         | 2 3 |  3.5
Fighting       | 4 |  4.9
Polearms       | |  3.0
Dodging        | |  1.5

Action                     |  1- 3 |  4- 6 || total
---------------------------+-------+-------++-------
  Melee: Spear             |   102 |    38 ||   140
         Punch             |       |     1 ||     1
 Invoke: Berserk           |     2 |     1 ||     3
Ability: Spit Poison       |    26 |     3 ||    29
    Use: Potion            |     2 |     2 ||     4
         Scroll            |       |     3 ||     3
   Stab: Sleeping          |     1 |       ||     1
 Armour: Animal skin       |    76 |    42 ||   118
  Dodge: Dodged            |    49 |    19 ||    68
